Vancouver Canucks vs Chicago Black Hawks
Created - Wednesday, August 23, 2023 at 06:20
Goals
|
| Vancouver Canucks |
0 |
2 |
1 |
3 |
| Chicago Black Hawks |
1 |
1 |
2 |
4 |
|
Shots
|
| Vancouver Canucks |
5 |
8 |
17 |
30 |
| Chicago Black Hawks |
11 |
26 |
7 |
44 |
|
1st period
1. Chicago Black Hawks , Tyler Bertuzzi 1 (Bo Horvat 1, Brent Burns 1) at 0:34
Penalties :
Artturi Lehkonen (VAN) for Holding (Minor) at 2:45, Kevin Fiala (CHI) for Holding (Minor) at 16:02
2nd period
2. Vancouver Canucks , Artturi Lehkonen 1 (Noah Hanifin 1) at 14:16 (PP)
3. Vancouver Canucks , Robby Fabbri 1 (Miro Heiskanen 1) at 15:51 (PP)
4. Chicago Black Hawks , Shane Pinto 1 (Frederick Gaudreau 1, Brent Burns 2) at 17:12
Penalties :
Seth Jones (CHI) for Interference (Minor) at 5:55, Michael Rasmussen (CHI) for Holding (Minor) at 13:42, Tyler Bertuzzi (CHI) for Roughing (Minor) at 15:18
3rd period
5. Vancouver Canucks , Clayton Keller 1 (Aleksander Barkov 1) at 1:32
6. Chicago Black Hawks , Barrett Hayton 1 (Patrice Bergeron 1) at 7:05 (PP)
7. Chicago Black Hawks , Barrett Hayton 2 (Tyler Bertuzzi 1, Morgan Rielly 1) at 14:28 (PP)
Penalties :
Jesperi Kotkaniemi (VAN) for Interference (Minor) at 6:58, Jesperi Kotkaniemi (VAN) for Hooking (Minor) at 10:59, Robby Fabbri (VAN) for Elbowing (Minor) at 13:53, Artturi Lehkonen (VAN) for High sticking (Minor) at 15:09, Vincent Trocheck (CHI) for Charging (Minor) at 19:03
Goalie Stats
Joonas Korpisalo (VAN), 40 saves from 44 shots - (0.909), L, 0-1-0, 59:00 minutes
Thatcher Demko (CHI), 27 saves from 30 shots - (0.900), W, 1-0-0, 60:00 minutes
Players Stats for Vancouver Canucks
Player Name G A P +/- PIM S H SB GA TA FO MP PP MP PK MP
------------------------------------------------------------------------------------
Adam Boqvist 0 0 0 -2 0 1 1 1 0 0 0/0 23:40 3:54 0:16
Aleksander Barkov 0 1 1 0 0 6 2 0 0 0 18/42 23:47 4:10 3:57
Anton Lundell 0 0 0 0 0 1 1 0 0 0 0/0 10:22 0:00 1:56
Artturi Lehkonen 1 0 1 -1 4 5 1 1 2 0 0/0 15:21 1:51 0:00
Casey Mittelstadt 0 0 0 0 0 2 2 1 1 0 0/0 13:33 1:51 0:34
Clayton Keller 1 0 1 0 0 1 1 0 0 0 0/2 19:50 4:10 0:00
Jacob Bryson 0 0 0 0 0 1 1 1 0 0 0/0 12:01 0:00 0:16
Jake Bean 0 0 0 1 0 1 1 1 0 1 0/0 17:20 2:07 1:54
Jesperi Kotkaniemi 0 0 0 0 4 0 1 0 1 1 2/9 10:41 0:00 0:00
Kasperi Kapanen 0 0 0 -1 0 1 1 0 0 0 0/0 12:06 0:00 0:00
Mikko Rantanen 0 0 0 0 0 3 0 1 2 2 0/2 19:50 4:10 0:00
Miro Heiskanen 0 1 1 -2 0 3 2 1 0 1 0/0 28:24 3:54 1:54
Noah Cates 0 0 0 0 0 0 0 2 0 0 0/1 11:04 0:00 3:39
Noah Hanifin 0 1 1 1 0 0 0 1 0 1 0/0 22:28 2:07 4:29
Olli Maatta 0 0 0 0 0 0 0 0 0 1 0/0 16:07 0:00 4:29
Robby Fabbri 1 0 1 -1 2 2 1 2 0 1 3/10 15:55 1:51 1:27
Sam Lafferty 0 0 0 0 0 0 0 0 0 0 0/0 10:11 0:00 1:45
Taylor Raddysh 0 0 0 0 0 3 1 0 0 1 0/0 10:36 0:00 0:00
Players Stats for Chicago Black Hawks
Player Name G A P +/- PIM S H SB GA TA FO MP PP MP PK MP
------------------------------------------------------------------------------------
Barrett Hayton 2 0 2 1 0 3 0 0 1 0 0/0 16:55 3:24 0:17
Bo Horvat 0 1 1 -1 0 1 3 0 2 0 17/28 19:35 3:15 2:36
Brent Burns 0 2 2 2 0 1 1 2 0 0 0/0 22:49 3:01 3:05
Cal Clutterbuck 0 0 0 0 0 2 0 0 0 1 0/0 12:24 0:00 0:00
Christopher Tanev 0 0 0 0 0 0 2 1 1 0 0/0 14:21 0:00 0:21
Cole Perfetti 0 0 0 1 0 1 1 0 0 0 0/0 7:46 0:00 0:00
Devon Toews 0 0 0 -1 0 0 1 0 0 0 0/0 23:11 3:38 2:56
Frederick Gaudreau 0 1 1 1 0 0 0 0 0 0 3/4 7:46 0:00 0:00
Kevin Fiala 0 0 0 -1 2 2 3 0 0 0 1/2 19:32 3:15 2:22
Michael Rasmussen 0 0 0 0 2 1 2 0 2 0 1/1 13:55 0:00 1:32
Morgan Frost 0 0 0 0 0 6 1 0 0 0 7/9 12:24 0:00 0:00
Morgan Rielly 0 1 1 -1 0 2 0 0 0 0 0/0 23:11 3:38 2:56
Patrice Bergeron 0 1 1 1 0 9 2 0 1 2 12/16 19:19 3:24 2:36
Seth Jones 0 0 0 2 2 7 4 2 2 0 0/0 21:53 3:01 1:58
Shane Pinto 1 0 1 1 0 3 1 0 0 2 0/0 7:46 0:00 0:00
Travis Sanheim 0 0 0 0 0 0 0 0 0 0 0/0 14:46 0:00 0:46
Tyler Bertuzzi 1 1 2 1 2 3 2 0 0 0 0/3 16:37 3:24 0:00
Vincent Trocheck 0 0 0 -1 2 3 1 1 0 1 2/3 19:44 3:15 2:39
3 Stars
1 - Barrett Hayton (CHI)
2 - Brent Burns (CHI)
3 - Tyler Bertuzzi (CHI)
Power Play
Vancouver Canucks - 2 on 5 Attempt(s) - 40.00%
Chicago Black Hawks - 2 on 5 Attempt(s) - 40.00%
Penalty Kill
Vancouver Canucks - 3 on 5 Attempt(s) - 60.00%
- Score 0 goal in Penalty Kill
Chicago Black Hawks - 3 on 5 Attempt(s) - 60.00%
- Score 0 goal in Penalty Kill
Team Stat
Vancouver Canucks - Hits : 16 - Faceoff Wins : 23 - Blocked Shots : 12 - Penalty Minutes : 10
Chicago Black Hawks - Hits : 24 - Faceoff Wins : 43 - Blocked Shots : 6 - Penalty Minutes : 10
Official
Referees : Dave Jackson and Brad Meier
Linesman : Mike Cvik and Brad Kovachik
Game Notes
No Game Note
Finance
Level 1 -- Attendance: 4255 (70.92%) -- Ticket Income $425,500
Level 2 -- Attendance: 3891 (77.82%) -- Ticket Income $233,460
Level 3 -- Attendance: 2340 (78.00%) -- Ticket Income $81,900
Level 4 -- Attendance: 3547 (70.94%) -- Ticket Income $88,675
Luxury Box -- Attendance: 818 (81.80%) -- Ticket Income $163,600
Game was played at the United Center.
Total Attendance: 14851 (74.26%)
Total Ticket Income: $993,135
Other Income: $347,597
Total Income: $1,340,732
Vancouver Canucks
5 vs 5 Forward
Center Left Wing Right Wing Time % Phy DF OF
1 Aleksander Barkov Clayton Keller Mikko Rantanen 40 1 2 2
2 Robby Fabbri Artturi Lehkonen Kasperi Kapanen 30 1 2 2
3 Jesperi Kotkaniemi Casey Mittelstadt Taylor Raddysh 20 1 2 2
4 Noah Cates Anton Lundell Sam Lafferty 10 1 2 2
5 vs 5 Defense
Defense Defense Time % Phy DF OF
1 Adam Boqvist Miro Heiskanen 40 1 2 2
2 Noah Hanifin Jake Bean 30 1 2 2
3 Olli Maatta Jacob Bryson 20 1 2 2
4 Noah Hanifin Miro Heiskanen 10 1 2 2
PowerPlay Forward
Center Left Wing Right Wing Time % Phy DF OF
1 Aleksander Barkov Clayton Keller Mikko Rantanen 60 0 1 4
2 Casey Mittelstadt Robby Fabbri Artturi Lehkonen 40 0 1 4
PowerPlay Defense
Defense Defense Time % Phy DF OF
1 Miro Heiskanen Adam Boqvist 60 0 1 4
2 Noah Hanifin Jake Bean 40 0 1 4
Penalty Kill 4 Players Forward
Center Wing Time % Phy DF OF
1 Aleksander Barkov Noah Cates 60 1 3 1
2 Sam Lafferty Anton Lundell 40 1 3 1
Penalty Kill 4 Players Defense
Defense Defense Time % Phy DF OF
1 Noah Hanifin Olli Maatta 60 1 3 1
2 Miro Heiskanen Jake Bean 40 1 3 1
Penalty Kill - 3 Players Forward
Forward Time % Phy DF OF
1 Noah Cates 60 1 3 1
2 Aleksander Barkov 40 1 3 1
Penalty Kill - 3 Players Defense
Defense Defense Time % Phy DF OF
1 Noah Hanifin Olli Maatta 60 1 3 1
2 Miro Heiskanen Jake Bean 40 1 3 1
4 vs 4 Forward
Center Wing Time % Phy DF OF
1 Aleksander Barkov Mikko Rantanen 60 1 2 2
2 Robby Fabbri Artturi Lehkonen 40 1 2 2
4 vs 4 Defense
Defense Defense Time % Phy DF OF
1 Miro Heiskanen Noah Hanifin 60 1 2 2
2 Olli Maatta Adam Boqvist 40 1 2 2
Last Minutes Offensive
Center Left Wing Right Wing Defense Defense
Aleksander Barkov Clayton Keller Mikko Rantanen Miro Heiskanen Adam Boqvist
Last Minutes Defensive
Center Left Wing Right Wing Defense Defense
Aleksander Barkov Noah Cates Sam Lafferty Noah Hanifin Olli Maatta
Goaltenders
Starting : Joonas Korpisalo
Backup : Ville Husso
Extra Forwards
Normal : Mikko Rantanen, Aleksander Barkov, Artturi Lehkonen - PP : Clayton Keller, Kasperi Kapanen - PK : Robby Fabbri
Extra Defensemen
Normal : Miro Heiskanen, Noah Hanifin, Olli Maatta - PP : Adam Boqvist - PK : Jake Bean, Jacob Bryson
Penalty Shots
Aleksander Barkov, Anton Lundell, Jesperi Kotkaniemi, Jake Bean, Mikko Rantanen
Chicago Black Hawks
5 vs 5 Forward
Center Left Wing Right Wing Time % Phy DF OF
1 Bo Horvat Kevin Fiala Vincent Trocheck 30 1 2 2
2 Patrice Bergeron Barrett Hayton Tyler Bertuzzi 30 1 2 2
3 Morgan Frost Michael Rasmussen Cal Clutterbuck 25 1 2 2
4 Frederick Gaudreau Cole Perfetti Shane Pinto 15 1 2 2
5 vs 5 Defense
Defense Defense Time % Phy DF OF
1 Seth Jones Brent Burns 35 1 2 2
2 Devon Toews Morgan Rielly 35 1 2 2
3 Christopher Tanev Travis Sanheim 30 1 2 2
4 Seth Jones Brent Burns 0 1 2 2
PowerPlay Forward
Center Left Wing Right Wing Time % Phy DF OF
1 Bo Horvat Kevin Fiala Vincent Trocheck 50 1 2 2
2 Patrice Bergeron Barrett Hayton Tyler Bertuzzi 50 1 2 2
PowerPlay Defense
Defense Defense Time % Phy DF OF
1 Seth Jones Brent Burns 50 1 2 2
2 Devon Toews Morgan Rielly 50 1 2 2
Penalty Kill 4 Players Forward
Center Wing Time % Phy DF OF
1 Bo Horvat Patrice Bergeron 50 1 2 2
2 Vincent Trocheck Kevin Fiala 50 1 2 2
Penalty Kill 4 Players Defense
Defense Defense Time % Phy DF OF
1 Seth Jones Brent Burns 50 1 2 2
2 Devon Toews Morgan Rielly 50 1 2 2
Penalty Kill - 3 Players Forward
Forward Time % Phy DF OF
1 Bo Horvat 50 1 2 2
2 Patrice Bergeron 50 1 2 2
Penalty Kill - 3 Players Defense
Defense Defense Time % Phy DF OF
1 Seth Jones Brent Burns 50 1 2 2
2 Devon Toews Morgan Rielly 50 1 2 2
4 vs 4 Forward
Center Wing Time % Phy DF OF
1 Bo Horvat Patrice Bergeron 50 1 2 2
2 Vincent Trocheck Kevin Fiala 50 1 2 2
4 vs 4 Defense
Defense Defense Time % Phy DF OF
1 Seth Jones Brent Burns 50 1 2 2
2 Devon Toews Morgan Rielly 50 1 2 2
Last Minutes Offensive
Center Left Wing Right Wing Defense Defense
Bo Horvat Kevin Fiala Vincent Trocheck Seth Jones Brent Burns
Last Minutes Defensive
Center Left Wing Right Wing Defense Defense
Bo Horvat Kevin Fiala Vincent Trocheck Seth Jones Brent Burns
Goaltenders
Starting : Thatcher Demko
Backup : Jordan Binnington
Extra Forwards
Normal : Shane Pinto, Morgan Frost, Michael Rasmussen - PP : Shane Pinto, Morgan Frost - PK : Michael Rasmussen
Extra Defensemen
Normal : Christopher Tanev, Travis Sanheim, Devon Toews - PP : Christopher Tanev - PK : Travis Sanheim, Devon Toews
Penalty Shots
Bo Horvat, Patrice Bergeron, Vincent Trocheck, Kevin Fiala, Barrett Hayton
% Time on Ice - Vancouver Canucks
Lines # - Real PCT - Wanted PCT - Time Play
Normal Forward
1 - 34% - 40% - 15:55
2 - 28% - 30% - 13:07
3 - 23% - 20% - 10:36
4 - 16% - 10% - 7:25
Normal Defense
1 - 41% - 40% - 19:27
2 - 28% - 30% - 13:19
3 - 24% - 20% - 11:24
4 - 6% - 10% - 2:53
PP Forward
1 - 69% - 60% - 4:10
2 - 31% - 40% - 1:51
PP Defense
1 - 65% - 60% - 3:54
2 - 35% - 40% - 2:07
PK Forward
1 - 74% - 60% - 4:54
2 - 26% - 40% - 1:45
PK Defense
1 - 71% - 60% - 4:45
2 - 29% - 40% - 1:54
PK3 Forward
1 - 0% - 60%
2 - 0% - 40%
PK3 Defense
1 - 0% - 60%
2 - 0% - 40%
44 Forward
1 - 0% - 60%
2 - 0% - 40%
44 Defense
1 - 0% - 60%
2 - 0% - 40%
Last Minute Offensive - 0:17
Last Minute Defensive - 0:00
Total
Forward - 60:00
Defense - 60:00
|
% Time on Ice - Chicago Black Hawks
Lines # - Real PCT - Wanted PCT - Time Play
Normal Forward
1 - 29% - 30% - 13:41
2 - 28% - 30% - 13:26
3 - 26% - 25% - 12:24
4 - 16% - 15% - 7:46
Normal Defense
1 - 35% - 35% - 16:40
2 - 35% - 35% - 16:37
3 - 30% - 30% - 14:00
4 - 0% - 0% - 0:00
PP Forward
1 - 49% - 50% - 3:15
2 - 51% - 50% - 3:24
PP Defense
1 - 45% - 50% - 3:01
2 - 55% - 50% - 3:38
PK Forward
1 - 43% - 50% - 2:36
2 - 57% - 50% - 3:25
PK Defense
1 - 51% - 50% - 3:05
2 - 49% - 50% - 2:56
PK3 Forward
1 - 0% - 50%
2 - 0% - 50%
PK3 Defense
1 - 0% - 50%
2 - 0% - 50%
44 Forward
1 - 0% - 50%
2 - 0% - 50%
44 Defense
1 - 0% - 50%
2 - 0% - 50%
Last Minute Offensive - 0:00
Last Minute Defensive - 0:03
Total
Forward - 60:00
Defense - 60:00
|
Play-by-Play
1st period
0:01 of 1st period - Bo Horvat wins face-off versus Aleksander Barkov in neutral zone.
0:34 of 1st period - Snap shot by Bo Horvat.
0:34 of 1st period - Deflect By Tyler Bertuzzi.
0:34 of 1st period - Goal by Tyler Bertuzzi - Vancouver Canucks : 0 - Chicago Black Hawks : 1.
0:35 of 1st period - Morgan Frost wins face-off versus Jesperi Kotkaniemi in neutral zone.
0:39 of 1st period - Off-side.
0:40 of 1st period - Morgan Frost wins face-off versus Jesperi Kotkaniemi in neutral zone.
0:43 of 1st period - Snap shot by Morgan Frost.
0:43 of 1st period - Shot Blocked by Casey Mittelstadt.
0:57 of 1st period - Devon Toews is hit by Casey Mittelstadt and loses puck.
1:06 of 1st period - Slapshot by Morgan Rielly.
1:06 of 1st period - Stopped by Joonas Korpisalo without a rebound.
1:07 of 1st period - Patrice Bergeron wins face-off versus Robby Fabbri in Vancouver Canucks zone.
1:37 of 1st period - Wrist shot by Mikko Rantanen.
1:37 of 1st period - Shot Hit the Post.
2:32 of 1st period - Slapshot by Patrice Bergeron.
2:32 of 1st period - Stopped by Joonas Korpisalo without a rebound.
2:33 of 1st period - Patrice Bergeron wins face-off versus Robby Fabbri in Vancouver Canucks zone.
2:36 of 1st period - Wrist shot by Tyler Bertuzzi.
2:36 of 1st period - Shot Blocked by Artturi Lehkonen.
2:38 of 1st period - Slapshot by Patrice Bergeron.
2:38 of 1st period - Stopped by Joonas Korpisalo with a rebound.
2:40 of 1st period - Slapshot by Tyler Bertuzzi.
2:40 of 1st period - Shot Blocked by Robby Fabbri.
2:45 of 1st period - Minor Penalty to Artturi Lehkonen for Holding.
2:46 of 1st period - Aleksander Barkov wins face-off versus Vincent Trocheck in Vancouver Canucks zone.
4:45 of 1st period - Penalty to Artturi Lehkonen is over, Artturi Lehkonen is back on ice.
5:11 of 1st period - Sam Lafferty is hit by Christopher Tanev and loses puck.
6:41 of 1st period - Olli Maatta is hit by Tyler Bertuzzi and loses puck.
7:10 of 1st period - Aleksander Barkov is hit by Cole Perfetti.
7:14 of 1st period - Snap shot by Cole Perfetti.
7:14 of 1st period - Stopped by Joonas Korpisalo with a rebound.
7:24 of 1st period - Noah Hanifin is hit by Bo Horvat and loses puck.
7:53 of 1st period - Snap shot by Robby Fabbri.
7:53 of 1st period - Shot Misses the Net.
8:29 of 1st period - Wrist shot by Taylor Raddysh.
8:29 of 1st period - Stopped by Thatcher Demko without a rebound.
8:30 of 1st period - Patrice Bergeron wins face-off versus Jesperi Kotkaniemi in Chicago Black Hawks zone.
9:11 of 1st period - Morgan Frost is hit by Jacob Bryson and loses puck.
9:17 of 1st period - Icing by Brent Burns.
9:18 of 1st period - Morgan Frost wins face-off versus Aleksander Barkov in Chicago Black Hawks zone.
9:25 of 1st period - Snap shot by Morgan Frost.
9:25 of 1st period - Deflect By Cal Clutterbuck.
9:25 of 1st period - Shot Misses the Net.
9:25 of 1st period - Puck is out of play.
9:26 of 1st period - Aleksander Barkov wins face-off versus Kevin Fiala in Vancouver Canucks zone.
9:31 of 1st period - Wrist shot by Kevin Fiala.
9:31 of 1st period - Shot Blocked by Mikko Rantanen.
9:33 of 1st period - Slapshot by Devon Toews.
9:33 of 1st period - Deflect By Kevin Fiala.
9:33 of 1st period - Shot Misses the Net.
9:33 of 1st period - Puck is out of play.
9:34 of 1st period - Bo Horvat wins face-off versus Aleksander Barkov in Vancouver Canucks zone.
9:43 of 1st period - Snap shot by Vincent Trocheck.
9:43 of 1st period - Shot Misses the Net.
10:15 of 1st period - Slapshot by Vincent Trocheck.
10:15 of 1st period - Stopped by Joonas Korpisalo with a rebound.
10:17 of 1st period - Snap shot by Kevin Fiala.
10:17 of 1st period - Shot Misses the Net.
10:33 of 1st period - Snap shot by Kevin Fiala.
10:33 of 1st period - Shot Misses the Net.
10:35 of 1st period - Wrist shot by Kevin Fiala.
10:35 of 1st period - Stopped by Joonas Korpisalo with a rebound.
11:17 of 1st period - Kevin Fiala is hit by Jake Bean.
11:21 of 1st period - Wrist shot by Vincent Trocheck.
11:21 of 1st period - Stopped by Joonas Korpisalo without a rebound.
11:22 of 1st period - Aleksander Barkov wins face-off versus Tyler Bertuzzi in Vancouver Canucks zone.
11:33 of 1st period - Snap shot by Tyler Bertuzzi.
11:33 of 1st period - Shot Misses the Net.
11:37 of 1st period - Wrist shot by Tyler Bertuzzi.
11:37 of 1st period - Stopped by Joonas Korpisalo without a rebound.
11:38 of 1st period - Frederick Gaudreau wins face-off versus Clayton Keller in Vancouver Canucks zone.
12:35 of 1st period - Wrist shot by Casey Mittelstadt.
12:35 of 1st period - Stopped by Thatcher Demko without a rebound.
12:36 of 1st period - Patrice Bergeron wins face-off versus Jesperi Kotkaniemi in Chicago Black Hawks zone.
12:49 of 1st period - Backhand shot by Taylor Raddysh.
12:49 of 1st period - Shot Misses the Net.
13:21 of 1st period - Off-side.
13:22 of 1st period - Robby Fabbri wins face-off versus Frederick Gaudreau in neutral zone.
13:33 of 1st period - Snap shot by Robby Fabbri.
13:33 of 1st period - Stopped by Thatcher Demko without a rebound.
13:34 of 1st period - Aleksander Barkov wins face-off versus Tyler Bertuzzi in Chicago Black Hawks zone.
14:35 of 1st period - Adam Boqvist is hit by Seth Jones and loses puck.
15:25 of 1st period - Backhand shot by Michael Rasmussen.
15:25 of 1st period - Shot Misses the Net.
15:41 of 1st period - Snap shot by Morgan Frost.
15:41 of 1st period - Stopped by Joonas Korpisalo without a rebound.
15:42 of 1st period - Bo Horvat wins face-off versus Jesperi Kotkaniemi in Vancouver Canucks zone.
15:45 of 1st period - Wrist shot by Kevin Fiala.
15:45 of 1st period - Stopped by Joonas Korpisalo without a rebound.
15:46 of 1st period - Aleksander Barkov wins face-off versus Bo Horvat in Vancouver Canucks zone.
16:02 of 1st period - Minor Penalty to Kevin Fiala for Holding.
16:03 of 1st period - Aleksander Barkov wins face-off versus Bo Horvat in Chicago Black Hawks zone.
16:13 of 1st period - Slapshot by Aleksander Barkov.
16:13 of 1st period - Stopped by Thatcher Demko with a rebound.
16:15 of 1st period - Wrist shot by Aleksander Barkov.
16:15 of 1st period - Stopped by Thatcher Demko without a rebound.
16:16 of 1st period - Vincent Trocheck wins face-off versus Aleksander Barkov in Chicago Black Hawks zone.
16:53 of 1st period - Robby Fabbri is hit by Bo Horvat and loses puck.
18:02 of 1st period - Penalty to Kevin Fiala is over, Kevin Fiala is back on ice.
18:14 of 1st period - Snap shot by Frederick Gaudreau.
18:14 of 1st period - Shot Misses the Net.
18:32 of 1st period - Olli Maatta is hit by Tyler Bertuzzi and loses puck.
18:43 of 1st period - Robby Fabbri is hit by Michael Rasmussen and loses puck.
19:37 of 1st period - Patrice Bergeron is hit by Jesperi Kotkaniemi and loses puck.
Goals for this period are 0 for Vancouver Canucks vs 1 for Chicago Black Hawks.
Shots for this period are 5 for Vancouver Canucks vs 11 for Chicago Black Hawks.
2nd period
0:01 of 2nd period - Aleksander Barkov wins face-off versus Patrice Bergeron in neutral zone.
0:12 of 2nd period - Wrist shot by Patrice Bergeron.
0:12 of 2nd period - Stopped by Joonas Korpisalo with a rebound.
0:33 of 2nd period - Kasperi Kapanen is hit by Kevin Fiala and loses puck.
0:48 of 2nd period - Wrist shot by Morgan Frost.
0:48 of 2nd period - Stopped by Joonas Korpisalo with a rebound.
0:50 of 2nd period - Snap shot by Cal Clutterbuck.
0:50 of 2nd period - Stopped by Joonas Korpisalo with a rebound.
0:52 of 2nd period - Snap shot by Cal Clutterbuck.
0:52 of 2nd period - Stopped by Joonas Korpisalo with a rebound.
0:56 of 2nd period - Wrist shot by Morgan Frost.
0:56 of 2nd period - Stopped by Joonas Korpisalo with a rebound.
0:58 of 2nd period - Wrist shot by Morgan Frost.
0:58 of 2nd period - Stopped by Joonas Korpisalo with a rebound.
1:10 of 2nd period - Backhand shot by Patrice Bergeron.
1:10 of 2nd period - Stopped by Joonas Korpisalo with a rebound.
1:12 of 2nd period - Snap shot by Patrice Bergeron.
1:12 of 2nd period - Stopped by Joonas Korpisalo with a rebound.
1:14 of 2nd period - Slapshot by Seth Jones.
1:14 of 2nd period - Stopped by Joonas Korpisalo without a rebound.
1:15 of 2nd period - Aleksander Barkov wins face-off versus Patrice Bergeron in Vancouver Canucks zone.
1:15 of 2nd period - Aleksander Barkov is hit by Patrice Bergeron.
1:33 of 2nd period - Snap shot by Aleksander Barkov.
1:33 of 2nd period - Shot Misses the Net.
1:59 of 2nd period - Slapshot by Patrice Bergeron.
1:59 of 2nd period - Stopped by Joonas Korpisalo with a rebound.
2:01 of 2nd period - Slapshot by Brent Burns.
2:01 of 2nd period - Shot Misses the Net.
2:03 of 2nd period - Slapshot by Brent Burns.
2:03 of 2nd period - Shot Blocked by Jacob Bryson.
2:25 of 2nd period - Clayton Keller is hit by Patrice Bergeron and loses puck.
2:30 of 2nd period - Snap shot by Patrice Bergeron.
2:30 of 2nd period - Stopped by Joonas Korpisalo with a rebound.
2:32 of 2nd period - Snap shot by Barrett Hayton.
2:32 of 2nd period - Shot Misses the Net.
2:34 of 2nd period - Snap shot by Tyler Bertuzzi.
2:34 of 2nd period - Stopped by Joonas Korpisalo with a rebound.
2:36 of 2nd period - Snap shot by Barrett Hayton.
2:36 of 2nd period - Stopped by Joonas Korpisalo without a rebound.
2:37 of 2nd period - Bo Horvat wins face-off versus Robby Fabbri in Vancouver Canucks zone.
2:43 of 2nd period - Off-side.
2:44 of 2nd period - Bo Horvat wins face-off versus Robby Fabbri in neutral zone.
3:10 of 2nd period - Snap shot by Artturi Lehkonen.
3:10 of 2nd period - Shot Misses the Net.
3:12 of 2nd period - Snap shot by Artturi Lehkonen.
3:12 of 2nd period - Stopped by Thatcher Demko with a rebound.
3:42 of 2nd period - Wrist shot by Artturi Lehkonen.
3:42 of 2nd period - Stopped by Thatcher Demko with a rebound.
3:44 of 2nd period - Slapshot by Robby Fabbri.
3:44 of 2nd period - Deflect By Kasperi Kapanen.
3:44 of 2nd period - Deflect By Bo Horvat.
3:44 of 2nd period - Shot Misses the Net.
3:44 of 2nd period - Puck is out of play.
3:45 of 2nd period - Jesperi Kotkaniemi wins face-off versus Morgan Frost in Chicago Black Hawks zone.
4:15 of 2nd period - Slapshot by Shane Pinto.
4:15 of 2nd period - Shot Misses the Net.
4:17 of 2nd period - Wrist shot by Seth Jones.
4:17 of 2nd period - Stopped by Joonas Korpisalo with a rebound.
4:19 of 2nd period - Slapshot by Seth Jones.
4:19 of 2nd period - Stopped by Joonas Korpisalo with a rebound.
4:21 of 2nd period - Slapshot by Brent Burns.
4:21 of 2nd period - Shot Blocked by Miro Heiskanen.
4:23 of 2nd period - Snap shot by Seth Jones.
4:23 of 2nd period - Stopped by Joonas Korpisalo without a rebound.
4:24 of 2nd period - Patrice Bergeron wins face-off versus Aleksander Barkov in Vancouver Canucks zone.
4:34 of 2nd period - Off-side.
4:35 of 2nd period - Aleksander Barkov wins face-off versus Patrice Bergeron in neutral zone.
4:52 of 2nd period - Snap shot by Mikko Rantanen.
4:52 of 2nd period - Stopped by Thatcher Demko without a rebound.
4:53 of 2nd period - Morgan Frost wins face-off versus Robby Fabbri in Chicago Black Hawks zone.
4:58 of 2nd period - Robby Fabbri is hit by Michael Rasmussen and loses puck.
5:44 of 2nd period - Snap shot by Patrice Bergeron.
5:44 of 2nd period - Stopped by Joonas Korpisalo without a rebound.
5:45 of 2nd period - Patrice Bergeron wins face-off versus Jesperi Kotkaniemi in Vancouver Canucks zone.
5:55 of 2nd period - Minor Penalty to Seth Jones for Interference.
5:56 of 2nd period - Bo Horvat wins face-off versus Aleksander Barkov in Chicago Black Hawks zone.
5:56 of 2nd period - Bo Horvat is hit by Aleksander Barkov.
6:09 of 2nd period - Snap shot by Aleksander Barkov.
6:09 of 2nd period - Stopped by Thatcher Demko without a rebound.
6:10 of 2nd period - Bo Horvat wins face-off versus Aleksander Barkov in Chicago Black Hawks zone.
7:55 of 2nd period - Penalty to Seth Jones is over, Seth Jones is back on ice.
8:10 of 2nd period - Snap shot by Morgan Frost.
8:10 of 2nd period - Stopped by Joonas Korpisalo with a rebound.
9:01 of 2nd period - Wrist shot by Noah Cates.
9:01 of 2nd period - Shot Misses the Net.
9:46 of 2nd period - Artturi Lehkonen is hit by Seth Jones and loses puck.
10:41 of 2nd period - Vincent Trocheck is hit by Casey Mittelstadt and loses puck.
10:46 of 2nd period - Wrist shot by Casey Mittelstadt.
10:46 of 2nd period - Shot Blocked by Christopher Tanev.
11:04 of 2nd period - Snap shot by Patrice Bergeron.
11:04 of 2nd period - Shot Blocked by Robby Fabbri.
11:29 of 2nd period - Miro Heiskanen is hit by Shane Pinto and loses puck.
12:32 of 2nd period - Patrice Bergeron is hit by Anton Lundell and loses puck.
12:41 of 2nd period - Wrist shot by Anton Lundell.
12:41 of 2nd period - Shot Misses the Net.
13:05 of 2nd period - Slapshot by Seth Jones.
13:05 of 2nd period - Shot Misses the Net.
13:07 of 2nd period - Slapshot by Brent Burns.
13:07 of 2nd period - Shot Blocked by Adam Boqvist.
13:09 of 2nd period - Snap shot by Barrett Hayton.
13:09 of 2nd period - Shot Misses the Net.
13:11 of 2nd period - Snap shot by Patrice Bergeron.
13:11 of 2nd period - Stopped by Joonas Korpisalo with a rebound.
13:13 of 2nd period - Wrist shot by Patrice Bergeron.
13:13 of 2nd period - Shot Misses the Net.
13:15 of 2nd period - Slapshot by Morgan Rielly.
13:15 of 2nd period - Stopped by Joonas Korpisalo without a rebound.
13:16 of 2nd period - Kevin Fiala wins face-off versus Robby Fabbri in Vancouver Canucks zone.
13:42 of 2nd period - Minor Penalty to Michael Rasmussen for Holding.
13:43 of 2nd period - Vincent Trocheck wins face-off versus Aleksander Barkov in Chicago Black Hawks zone.
14:00 of 2nd period - Wrist shot by Aleksander Barkov.
14:00 of 2nd period - Stopped by Thatcher Demko with a rebound.
14:16 of 2nd period - Wrist shot by Artturi Lehkonen.
14:16 of 2nd period - Goal by Artturi Lehkonen - Vancouver Canucks : 1 - Chicago Black Hawks : 1.
14:17 of 2nd period - Bo Horvat wins face-off versus Aleksander Barkov in neutral zone.
14:22 of 2nd period - Miro Heiskanen is hit by Bo Horvat and loses puck.
14:43 of 2nd period - Cal Clutterbuck is hit by Kasperi Kapanen and loses puck.
15:18 of 2nd period - Minor Penalty to Tyler Bertuzzi for Roughing.
15:19 of 2nd period - Bo Horvat wins face-off versus Clayton Keller in Chicago Black Hawks zone.
15:51 of 2nd period - Snap shot by Robby Fabbri.
15:51 of 2nd period - Goal by Robby Fabbri - Vancouver Canucks : 2 - Chicago Black Hawks : 1.
15:52 of 2nd period - Aleksander Barkov wins face-off versus Bo Horvat in neutral zone.
16:00 of 2nd period - Wrist shot by Aleksander Barkov.
16:00 of 2nd period - Shot Misses the Net.
16:02 of 2nd period - Slapshot by Adam Boqvist.
16:02 of 2nd period - Stopped by Thatcher Demko with a rebound.
16:08 of 2nd period - Wrist shot by Mikko Rantanen.
16:08 of 2nd period - Shot Hit the Post.
16:18 of 2nd period - Cal Clutterbuck is hit by Artturi Lehkonen and loses puck.
17:00 of 2nd period - Snap shot by Shane Pinto.
17:00 of 2nd period - Stopped by Joonas Korpisalo without a rebound.
17:01 of 2nd period - Frederick Gaudreau wins face-off versus Mikko Rantanen in Vancouver Canucks zone.
17:02 of 2nd period - Wrist shot by Seth Jones.
17:02 of 2nd period - Deflect By Mikko Rantanen.
17:02 of 2nd period - Stopped by Joonas Korpisalo with a rebound.
17:04 of 2nd period - Backhand shot by Seth Jones.
17:04 of 2nd period - Stopped by Joonas Korpisalo with a rebound.
17:06 of 2nd period - Slapshot by Brent Burns.
17:06 of 2nd period - Deflect By Miro Heiskanen.
17:06 of 2nd period - Stopped by Joonas Korpisalo with a rebound.
17:08 of 2nd period - Snap shot by Frederick Gaudreau.
17:08 of 2nd period - Shot Misses the Net.
17:10 of 2nd period - Snap shot by Shane Pinto.
17:10 of 2nd period - Stopped by Joonas Korpisalo with a rebound.
17:12 of 2nd period - Snap shot by Shane Pinto.
17:12 of 2nd period - Goal by Shane Pinto - Vancouver Canucks : 2 - Chicago Black Hawks : 2.
17:13 of 2nd period - Bo Horvat wins face-off versus Aleksander Barkov in neutral zone.
18:11 of 2nd period - Morgan Rielly is hit by Taylor Raddysh and loses puck.
18:41 of 2nd period - Aleksander Barkov is hit by Kevin Fiala and loses puck.
19:47 of 2nd period - Anton Lundell is hit by Seth Jones and loses puck.
Goals for this period are 2 for Vancouver Canucks vs 1 for Chicago Black Hawks.
Shots for this period are 8 for Vancouver Canucks vs 26 for Chicago Black Hawks.
3rd period
0:01 of 3rd period - Bo Horvat wins face-off versus Aleksander Barkov in neutral zone.
1:05 of 3rd period - Snap shot by Seth Jones.
1:05 of 3rd period - Stopped by Joonas Korpisalo with a rebound.
1:07 of 3rd period - Snap shot by Shane Pinto.
1:07 of 3rd period - Deflect By Cole Perfetti.
1:07 of 3rd period - Shot Blocked by Noah Hanifin.
1:07 of 3rd period - Puck is out of play.
1:08 of 3rd period - Frederick Gaudreau wins face-off versus Noah Cates in Vancouver Canucks zone.
1:16 of 3rd period - Wrist shot by Morgan Rielly.
1:16 of 3rd period - Deflect By Frederick Gaudreau.
1:16 of 3rd period - Shot Blocked by Noah Cates.
1:16 of 3rd period - Puck is out of play.
1:17 of 3rd period - Aleksander Barkov wins face-off versus Bo Horvat in Vancouver Canucks zone.
1:28 of 3rd period - Wrist shot by Aleksander Barkov.
1:28 of 3rd period - Shot Misses the Net.
1:30 of 3rd period - Wrist shot by Aleksander Barkov.
1:30 of 3rd period - Shot Misses the Net.
1:32 of 3rd period - Snap shot by Clayton Keller.
1:32 of 3rd period - Goal by Clayton Keller - Vancouver Canucks : 3 - Chicago Black Hawks : 2.
1:33 of 3rd period - Bo Horvat wins face-off versus Aleksander Barkov in neutral zone.
2:00 of 3rd period - Travis Sanheim is hit by Miro Heiskanen and loses puck.
2:32 of 3rd period - Snap shot by Tyler Bertuzzi.
2:32 of 3rd period - Deflect By Barrett Hayton.
2:32 of 3rd period - Shot Hit the Post.
2:32 of 3rd period - Puck is out of play.
2:33 of 3rd period - Aleksander Barkov wins face-off versus Bo Horvat in Vancouver Canucks zone.
2:38 of 3rd period - Morgan Rielly is hit by Clayton Keller and loses puck.
2:43 of 3rd period - Snap shot by Aleksander Barkov.
2:43 of 3rd period - Stopped by Thatcher Demko without a rebound.
2:44 of 3rd period - Bo Horvat wins face-off versus Aleksander Barkov in Chicago Black Hawks zone.
3:11 of 3rd period - Michael Rasmussen is hit by Robby Fabbri and loses puck.
3:22 of 3rd period - Slapshot by Miro Heiskanen.
3:22 of 3rd period - Stopped by Thatcher Demko without a rebound.
3:23 of 3rd period - Jesperi Kotkaniemi wins face-off versus Bo Horvat in Chicago Black Hawks zone.
3:30 of 3rd period - Snap shot by Taylor Raddysh.
3:30 of 3rd period - Stopped by Thatcher Demko with a rebound.
4:13 of 3rd period - Morgan Rielly is hit by Aleksander Barkov and loses puck.
5:07 of 3rd period - Snap shot by Bo Horvat.
5:07 of 3rd period - Stopped by Joonas Korpisalo without a rebound.
5:08 of 3rd period - Patrice Bergeron wins face-off versus Aleksander Barkov in Vancouver Canucks zone.
5:26 of 3rd period - Off-side.
5:27 of 3rd period - Robby Fabbri wins face-off versus Bo Horvat in neutral zone.
5:52 of 3rd period - Wrist shot by Casey Mittelstadt.
5:52 of 3rd period - Shot Blocked by Vincent Trocheck.
5:54 of 3rd period - Wrist shot by Taylor Raddysh.
5:54 of 3rd period - Stopped by Thatcher Demko without a rebound.
5:55 of 3rd period - Morgan Frost wins face-off versus Jesperi Kotkaniemi in Chicago Black Hawks zone.
6:04 of 3rd period - Slapshot by Morgan Rielly.
6:04 of 3rd period - Shot Misses the Net.
6:06 of 3rd period - Snap shot by Michael Rasmussen.
6:06 of 3rd period - Shot Misses the Net.
6:08 of 3rd period - Snap shot by Michael Rasmussen.
6:08 of 3rd period - Stopped by Joonas Korpisalo without a rebound.
6:09 of 3rd period - Aleksander Barkov wins face-off versus Patrice Bergeron in Vancouver Canucks zone.
6:18 of 3rd period - Slapshot by Mikko Rantanen.
6:18 of 3rd period - Stopped by Thatcher Demko with a rebound.
6:36 of 3rd period - Kasperi Kapanen is hit by Christopher Tanev and loses puck.
6:58 of 3rd period - Minor Penalty to Jesperi Kotkaniemi for Interference.
6:59 of 3rd period - Patrice Bergeron wins face-off versus Aleksander Barkov in Vancouver Canucks zone.
7:05 of 3rd period - Wrist shot by Barrett Hayton.
7:05 of 3rd period - Goal by Barrett Hayton - Vancouver Canucks : 3 - Chicago Black Hawks : 3.
7:06 of 3rd period - Patrice Bergeron wins face-off versus Mikko Rantanen in neutral zone.
7:18 of 3rd period - Off-side.
7:19 of 3rd period - Bo Horvat wins face-off versus Aleksander Barkov in neutral zone.
7:24 of 3rd period - Slapshot by Miro Heiskanen.
7:24 of 3rd period - Shot Misses the Net.
9:17 of 3rd period - Brent Burns is hit by Miro Heiskanen and loses puck.
10:13 of 3rd period - Aleksander Barkov is hit by Kevin Fiala and loses puck.
10:22 of 3rd period - Wrist shot by Vincent Trocheck.
10:22 of 3rd period - Stopped by Joonas Korpisalo with a rebound.
10:34 of 3rd period - Adam Boqvist is hit by Brent Burns and loses puck.
10:59 of 3rd period - Minor Penalty to Jesperi Kotkaniemi for Hooking.
11:00 of 3rd period - Aleksander Barkov wins face-off versus Bo Horvat in Vancouver Canucks zone.
12:14 of 3rd period - Slapshot by Noah Hanifin.
12:14 of 3rd period - Shot Misses the Net.
12:17 of 3rd period - Icing by Tyler Bertuzzi.
12:18 of 3rd period - Patrice Bergeron wins face-off versus Aleksander Barkov in Chicago Black Hawks zone.
12:59 of 3rd period - Penalty to Jesperi Kotkaniemi is over, Jesperi Kotkaniemi is back on ice.
13:05 of 3rd period - Slapshot by Anton Lundell.
13:05 of 3rd period - Stopped by Thatcher Demko without a rebound.
13:06 of 3rd period - Morgan Frost wins face-off versus Robby Fabbri in Chicago Black Hawks zone.
13:12 of 3rd period - Off-side.
13:13 of 3rd period - Robby Fabbri wins face-off versus Morgan Frost in neutral zone.
13:22 of 3rd period - Snap shot by Kasperi Kapanen.
13:22 of 3rd period - Stopped by Thatcher Demko with a rebound.
13:28 of 3rd period - Snap shot by Morgan Frost.
13:28 of 3rd period - Shot Misses the Net.
13:36 of 3rd period - Snap shot by Morgan Frost.
13:36 of 3rd period - Stopped by Joonas Korpisalo with a rebound.
13:38 of 3rd period - Wrist shot by Cal Clutterbuck.
13:38 of 3rd period - Shot Blocked by Jake Bean.
13:53 of 3rd period - Minor Penalty to Robby Fabbri for Elbowing.
13:54 of 3rd period - Bo Horvat wins face-off versus Aleksander Barkov in Vancouver Canucks zone.
14:26 of 3rd period - Snap shot by Barrett Hayton.
14:26 of 3rd period - Shot Blocked by Noah Cates.
14:28 of 3rd period - Backhand shot by Barrett Hayton.
14:28 of 3rd period - Goal by Barrett Hayton - Vancouver Canucks : 3 - Chicago Black Hawks : 4.
14:29 of 3rd period - Aleksander Barkov wins face-off versus Tyler Bertuzzi in neutral zone.
14:35 of 3rd period - Off-side.
14:36 of 3rd period - Patrice Bergeron wins face-off versus Aleksander Barkov in neutral zone.
15:09 of 3rd period - Minor Penalty to Artturi Lehkonen for High sticking.
15:10 of 3rd period - Patrice Bergeron wins face-off versus Aleksander Barkov in Vancouver Canucks zone.
15:18 of 3rd period - Slapshot by Tyler Bertuzzi.
15:18 of 3rd period - Shot Misses the Net.
15:36 of 3rd period - Aleksander Barkov is hit by Vincent Trocheck.
15:46 of 3rd period - Jake Bean is hit by Seth Jones and loses puck.
17:09 of 3rd period - Penalty to Artturi Lehkonen is over, Artturi Lehkonen is back on ice.
17:14 of 3rd period - Robby Fabbri is hit by Morgan Frost.
17:30 of 3rd period - Slapshot by Miro Heiskanen.
17:30 of 3rd period - Stopped by Thatcher Demko with a rebound.
17:32 of 3rd period - Wrist shot by Artturi Lehkonen.
17:32 of 3rd period - Stopped by Thatcher Demko with a rebound.
17:34 of 3rd period - Snap shot by Artturi Lehkonen.
17:34 of 3rd period - Stopped by Thatcher Demko with a rebound.
17:38 of 3rd period - Wrist shot by Casey Mittelstadt.
17:38 of 3rd period - Stopped by Thatcher Demko with a rebound.
17:40 of 3rd period - Snap shot by Jake Bean.
17:40 of 3rd period - Deflect By Shane Pinto.
17:40 of 3rd period - Stopped by Thatcher Demko without a rebound.
17:41 of 3rd period - Morgan Frost wins face-off versus Aleksander Barkov in Chicago Black Hawks zone.
18:03 of 3rd period - Olli Maatta is hit by Devon Toews and loses puck.
18:54 of 3rd period - Wrist shot by Aleksander Barkov.
18:54 of 3rd period - Shot Blocked by Seth Jones.
18:56 of 3rd period - Slapshot by Olli Maatta.
18:56 of 3rd period - Shot Blocked by Brent Burns.
18:58 of 3rd period - Slapshot by Jacob Bryson.
18:58 of 3rd period - Shot Blocked by Seth Jones.
19:00 of 3rd period - Vancouver Canucks, Joonas Korpisalo is pulled from the net.
19:00 of 3rd period - Slapshot by Jacob Bryson.
19:00 of 3rd period - Stopped by Thatcher Demko without a rebound.
19:01 of 3rd period - Bo Horvat wins face-off versus Aleksander Barkov in Chicago Black Hawks zone.
19:03 of 3rd period - Minor Penalty to Vincent Trocheck for Charging.
19:04 of 3rd period - Aleksander Barkov wins face-off versus Bo Horvat in Chicago Black Hawks zone.
19:04 of 3rd period - Snap shot by Mikko Rantanen.
19:04 of 3rd period - Stopped by Thatcher Demko without a rebound.
19:05 of 3rd period - Jeremy Colliton call a timeout for Vancouver Canucks.
19:05 of 3rd period - Bo Horvat wins face-off versus Aleksander Barkov in Chicago Black Hawks zone.
19:16 of 3rd period - Wrist shot by Mikko Rantanen.
19:16 of 3rd period - Shot Misses the Net.
19:18 of 3rd period - Snap shot by Aleksander Barkov.
19:18 of 3rd period - Stopped by Thatcher Demko without a rebound.
19:19 of 3rd period - Aleksander Barkov wins face-off versus Bo Horvat in Chicago Black Hawks zone.
19:24 of 3rd period - Snap shot by Clayton Keller.
19:24 of 3rd period - Deflect By Aleksander Barkov.
19:24 of 3rd period - Shot Blocked by Brent Burns.
19:24 of 3rd period - Puck is out of play.
19:25 of 3rd period - Aleksander Barkov wins face-off versus Bo Horvat in Chicago Black Hawks zone.
19:40 of 3rd period - Slapshot by Miro Heiskanen.
19:40 of 3rd period - Stopped by Thatcher Demko without a rebound.
19:41 of 3rd period - Michael Rasmussen wins face-off versus Aleksander Barkov in Chicago Black Hawks zone.
19:41 of 3rd period - Michael Rasmussen is hit by Adam Boqvist.
Goals for this period are 1 for Vancouver Canucks vs 2 for Chicago Black Hawks.
Shots for this period are 17 for Vancouver Canucks vs 7 for Chicago Black Hawks.
Back to the Top